AoeStats
← [NOE] Jupiter

Arena

508169917Analyzed
2v2 RM · 12d ago on Sep 21, 2026· 35m 17s· 4 players
Game mode
Random Map
Map size
Medium (4 player)
Population
200
Speed
Normal
Resources
Standard
Victory
Conquest
Starting age
Dark Age
Ending age
Imperial Age
RankedLock teamsTeams togetherTeam positionsShared explorationLock speedFull tech treeHidden civsTurbo modeCheats
Victory
Defeat
🇺🇸 Shu · United States
1926
+2
🇺🇸 Bohemians · United States
1751
+5
🇫🇷 Hindustanis · France
1487
-4
🇫🇷 Huns · France
1450
-3
La_Yuzai
10:23 Feudal Age
14:01 Castle Age
12:06 Horse Collar
12:46 Double-Bit Axe
15:00 Bow Saw
16:11 Fervor
18:55 Town Watch
19:30 Loom
20:31 Wheelbarrow
21:31 Hand Cart
22:53 Heavy Plow
27:44 Imperial Age
27:16 Chemistry
25:42 Pikeman
26:48 Squires
26:54 Scale Mail Armor
27:24 Forging
28:16 Halberdier
30:19 Two-Man Saw
29:46 Chain Mail Armor
30:06 Iron Casting
30:21 Conscription
30:07 Wagenburg Tactics
31:13 Padded Archer Armor
32:18 Siege Engineers
33:53 Leather Archer Armor
34:08 Plate Mail Armor
33:55 Fletching
34:27 Ballistics
[GT]YellowJacket
10:09 Feudal Age
13:49 Castle Age
12:08 Double-Bit Axe
12:21 Horse Collar
14:44 Bow Saw
18:34 Wheelbarrow
21:44 Loom
26:26 Imperial Age
24:57 Ballistics
24:28 Town Watch
25:36 Gold Mining
25:36 Stone Mining
25:51 Heavy Plow
26:15 Hand Cart
27:34 Fletching
27:44 Padded Archer Armor
28:46 Chemistry
28:28 Scale Mail Armor
28:29 Squires
29:14 Forging
29:40 Gold Shaft Mining
30:05 Conscription
30:05 Bodkin Arrow
30:24 Pikeman
31:20 Chain Mail Armor
30:32 Crossbowman
31:21 Thumb Ring
31:39 Leather Archer Armor
31:10 Halberdier
33:09 Plate Mail Armor
32:51 Coiled Serpent Array
33:25 Arbalester
34:05 Bracer
35:31 Leather Archer Armor
[NOE] Jupiter
9:58 Feudal Age
13:40 Castle Age
11:38 Double-Bit Axe
11:56 Horse Collar
14:42 Bow Saw
16:34 Wheelbarrow
18:50 Stone Mining
19:57 Gold Mining
21:11 Hand Cart
23:15 Gold Shaft Mining
26:49 Imperial Age
24:06 Loom
24:53 Scale Barding Armor
25:56 Chain Barding Armor
25:47 Forging
26:03 Marauders
25:55 Town Watch
26:42 Bloodlines
26:33 Husbandry
25:55 Light Cavalry
27:20 Heavy Plow
28:06 Plate Barding Armor
28:07 Iron Casting
27:55 Conscription
29:20 Elite Tarkan
29:58 Fletching
30:56 Parthian Tactics
30:58 Bodkin Arrow
31:39 Bracer
32:16 Thumb Ring
33:43 Chemistry
33:17 Padded Archer Armor
[NOE] Lyrendir
10:33 Feudal Age
11:30 Double-Bit Axe
14:27 Castle Age
12:35 Horse Collar
15:20 Wheelbarrow
15:30 Bow Saw
19:57 Hand Cart
21:20 Loom
21:32 Stone Mining
21:33 Gold Mining
23:24 Heavy Plow
25:56 Scale Barding Armor
29:22 Imperial Age
28:48 Scale Barding Armor
28:53 Forging
29:16 Masonry
29:16 Fortified Wall
29:19 Masonry
29:35 Bloodlines
29:25 Husbandry
28:58 Light Cavalry
29:31 Fletching
30:05 Chain Barding Armor
29:45 Padded Archer Armor
29:51 Grand Trunk Road
31:22 Chemistry
31:08 Siege Engineers
31:57 Iron Casting
31:13 Fletching
31:27 Siege Elephant
33:21 Shatagni
34:00 Hoardings
33:45 Hussar
34:26 Bodkin Arrow
35:31 Blast Furnace
Connection lost

Rejoining the realm…

Still unreachable

The connection could not be restored.

Session expired

The server has moved on; the page needs a fresh start.